 Dungeon Crawl Stone Soup version 0.21.0-3-g78d12a8 (webtiles) character file.

457 Goblin1989 the Cudgeler (level 6, -2/47 HPs)
             Began as a Demonspawn Warper on Jan 15, 2018.
             Was a Believer of Wu Jian.
             Slain by an ogre
             ... wielding a +0 giant spiked club
              (24 damage)
             ... on level 4 of the Dungeon.
             The game lasted 00:10:51 (4965 turns).

Goblin1989 the Cudgeler (Demonspawn Warper)         Turns: 4965, Time: 00:10:54

Health: -2/47      AC: 18    Str: 13    XL:     6   Next: 77%
Magic:  9/9        EV:  6    Int: 14    God:    Wu Jian [**....]
Gold:   259        SH:  5    Dex: 13    Spells: 9/9 levels left

rFire    . . .     SeeInvis .   a - +0 flail
rCold    . . .     Gourm    .   (no shield)
rNeg     . . .     Faith    .   y - +3 chain mail of Surprise {Regen+ Stlth+}
rPois    .         Spirit   .   V - +0 helmet
rElec    .         Reflect  +   (no cloak)
rCorr    +         Harm     .   (no gloves)
MR       .....                  (no boots)
Stlth    ..........             N - +5 amulet of reflection (curse)
HPRegen  0.55/turn              g - ring of resist corrosion
MPRegen  0.11/turn              (no ring)

@: sanguine armour
A: powered by death 1, rot immunity, sanguine armour 1
a: Wall Jump, Renounce Religion


You were on level 4 of the Dungeon.
You worshipped Wu Jian.
Wu Jian was pleased with you.
You were not hungry.

You visited 1 branch of the dungeon, and saw 4 of its levels.

You collected 259 gold pieces.

Inventory:

Hand Weapons
 a - a +0 flail (weapon)
 b - a +0 hunting sling
 R - a +1 dagger of speed
Missiles
 f - 5 tomahawks of dispersal (quivered)
 M - 177 stones
 U - 60 sling bullets
Armour
 y - the +3 chain mail of Surprise (worn) {Regen+ Stlth+}
   (You found it on level 4 of the Dungeon)

   It increases your rate of regeneration.
   It makes you more stealthy.
 V - a +0 helmet (worn)
Jewellery
 g - a ring of resist corrosion (left hand)
 N - a cursed +5 amulet of reflection (around neck)
Scrolls
 z - a scroll of fear {unknown}
 B - a scroll of blinking
 E - 5 scrolls of teleportation {unknown}
 F - 3 scrolls of immolation {unknown}
 G - 7 scrolls of identify {unknown}
 H - a scroll of noise {unknown}
 Q - a scroll of random uselessness {unknown}
Potions
 C - a potion of ambrosia {unknown}
 I - 2 potions of mutation {unknown}
 K - 2 potions of haste {unknown}
 L - a potion of heal wounds {unknown}
 O - a potion of lignification {unknown}
 P - 5 potions of agility {unknown}
 S - a potion of degeneration {unknown}
 T - 2 potions of might
 W - a potion of resistance {unknown}
 X - a potion of brilliance {unknown}
 Y - a potion of flight {unknown}
 Z - 3 potions of curing {unknown}
Books
 c - a book of Spatial Translocations

   Spells                             Type                      Level
   a - Blink                          Translocation                2
   b - Shroud of Golubria             Charms/Translocation         2
   c - Lesser Beckoning               Translocation                3
   d - Gell's Gravitas                Translocation                3
   e - Teleport Other                 Translocation                3
   f - Passage of Golubria            Translocation                4
Comestibles
 e - 10 rations {@e1}


   Skills:
 + Level 3.1 Fighting
 + Level 5.3 Maces & Flails
 - Level 0.8 Throwing
 + Level 2.3 Armour
 + Level 2.8 Dodging
 - Level 2.0 Spellcasting
   Level 2.6 Translocations


You had 9 spell levels left.
You didn't know any spells.

Dungeon Overview and Level Annotations

Branches:
Dungeon (4/15)             Temple (0/1) D:4

Altars:
Wu Jian

Shops:
D:4 [


Innate Abilities, Weirdness & Mutations

You regenerate a little health from kills.
You are immune to rotting.
When seriously injured, your bleeding wounds create armour. (AC +6)


Message History

No target in view!
No target in view!
No target in view!
No target in view!
No target in view!
No target in view!
No target in view!
No target in view!
No target in view!
No target in view!
E - 5 scrolls labeled DUPIROCVEN (gained 1)
You now have 259 gold pieces (gained 10).
You see here a club.
You see here a club.
Key pressed, stopping explore.
A frilled lizard comes into view.
The frilled lizard hisses angrily.
The frilled lizard bites you but does no damage.
You barely miss the frilled lizard.
The frilled lizard bites you but does no damage.
You closely miss the frilled lizard.
The frilled lizard completely misses you.
Your chain mail of Surprise prevents you from hitting the frilled lizard.
The frilled lizard bites you but does no damage.
You block the frilled lizard's attack.
You hit the frilled lizard.
You kill the frilled lizard!
The Council accepts your kill.
No target in view!
No target in view!
No target in view!
No target in view!
No target in view!
No target in view!
No target in view!
No target in view!
No target in view!
No target in view!
No target in view!
No target in view!
No target in view!
No target in view!
No target in view!
No target in view!
No target in view!
No target in view!
No target in view!
No target in view!
You butcher the frilled lizard corpse.
J - a chunk of flesh You see here a frilled lizard skeleton. x2
Eating a chunk of flesh.
You eat the chunk of flesh.
This raw flesh tastes terrible.
Found a staircase to the Ecumenical Temple.
An ogre comes into view. It is wielding a giant spiked club.
The ogre shouts!
An ogre is nearby!
b - a +0 hunting sling (weapon)
Firing (i - inventory. (,) - cycle):
U - 63 sling bullets (quivered)
Press: ? - help, Shift-Dir - straight line, f - ogre
Aim: an ogre, wielding a giant spiked club You shoot a sling bullet.
The sling bullet hits the ogre.
The ogre is moderately wounded.
Firing (i - inventory. (,) - cycle):
U - 62 sling bullets (quivered)
Press: ? - help, Shift-Dir - straight line, f/p - ogre
Aim: an ogre, wielding a giant spiked club (moderately wounded)
You shoot a sling bullet. The sling bullet hits the ogre.
The ogre is moderately wounded.
Firing (i - inventory. (,) - cycle):
U - 61 sling bullets (quivered)
Press: ? - help, Shift-Dir - straight line, f/p - ogre
Aim: an ogre, wielding a giant spiked club (moderately wounded)
You shoot a sling bullet.
The sling bullet barely misses the ogre.
The ogre hits you but does no damage.
a - a +0 flail (weapon)
Your chain mail of Surprise prevents you from hitting the ogre.
The ogre is moderately wounded.
You block the ogre's attack.
You hit the ogre.
The ogre is heavily wounded.
The ogre hits you with a giant spiked club!!
Your blood congeals into armour.
You take 19 damage, and have 28/47 hp.
MASSIVE DAMAGE!!
You hit the ogre but do no damage.
The ogre is heavily wounded.
You barely miss the ogre.
The ogre is heavily wounded.
The ogre hits you with a giant spiked club!
* * * LOW HITPOINT WARNING * * *
You take 8 damage, and have 21/47 hp.
You hit the ogre.
The ogre is heavily wounded.
The ogre hits you but does no damage.
You spin and attack the ogre.
You barely miss the ogre.
The ogre is heavily wounded.
A worker ant comes into view.
The worker ant twitches its antennae in your direction.
The ogre hits you with a giant spiked club!!
Ouch! That really hurt!
You die...

.███ .█ ██.. ...███.██
██..█ ......... ...█
......... ..█ .........
█.███ █ ....█....
██...████.██ ...███...██
█.........[█ ..██
█....███...O(...... ..█
█....██....@.(..... █.█
█.............(...a
█.████..............█...
█..██.......8.....███ ..
█.........█.>....██
.........███8█..██
....██...█ ███..█
...███..██ ██.█
█...██..█ ..


You could see an ogre (pinned) and a worker ant.

Vanquished Creatures
  Menkaure (D:4)
  A phantom (D:4)
  2 howler monkeys (D:4)
  An orc priest (D:3)
  A worker ant (D:4)
  Robin (D:3)
  An adder (D:3)
  4 oozes
  A worm (D:2)
  A leopard gecko (D:2)
  4 orcs
  A ball python (D:2)
  6 bats
  6 giant cockroaches
  22 goblins
  9 hobgoblins
  3 jackals (D:3)
  2 kobolds
  2 quokkas (D:3)
  2 frilled lizards
  4 rats
75 creatures vanquished.

Notes
Turn   | Place    | Note
-------+----------+-------------------------------------------
     0 | D:1      | Goblin1989 the Demonspawn Warper began the quest for the Orb.
     0 | D:1      | Reached XP level 1. HP: 16/16 MP: 3/3
   132 | D:1      | Reached skill level 2 in Maces & Flails
   252 | D:1      | Gained mutation: You regenerate a little health from kills. [demonic ancestry]
   252 | D:1      | Reached XP level 2. HP: 10/22 MP: 5/5
   782 | D:1      | Reached skill level 3 in Maces & Flails
  1384 | D:2      | Gained mutation: When seriously injured, your bleeding wounds create armour. (AC +6) [demonic ancestry]
  1384 | D:2      | Reached XP level 3. HP: 7/27 MP: 6/6
  2835 | D:3      | Reached skill level 4 in Maces & Flails
  2835 | D:3      | Reached XP level 4. HP: 27/33 MP: 7/7
  2973 | D:3      | Found a faded altar of an unknown god.
  2975 | D:3      | Became a worshipper of the Wu Jian Council
  2975 | D:3      | Reached * piety under Wu Jian
  3740 | D:3      | Noticed Robin
  3796 | D:3      | Reached ** piety under Wu Jian
  3801 | D:3      | Killed Robin
  3801 | D:3      | Gained mutation: You are immune to rotting. [demonic ancestry]
  3801 | D:3      | Reached XP level 5. HP: 36/38 MP: 8/8
  4140 | D:4      | Got a jewelled chain mail
  4151 | D:4      | Identified the +3 chain mail of Surprise {Regen+ Stlth+} (You found it on level 4 of the Dungeon)
  4191 | D:4      | Found Dukem's Antique Armour Emporium.
  4273 | D:4      | Reached skill level 1 in Armour
  4319 | D:4      | Noticed Menkaure
  4334 | D:4      | Killed Menkaure
  4334 | D:4      | Reached skill level 5 in Maces & Flails
  4334 | D:4      | Reached XP level 6. HP: 23/46 MP: 9/9
  4948 | D:4      | Found a staircase to the Ecumenical Temple.
  4965 | D:4      | Slain by an ogre

Skill      XL: |  1  2  3  4  5  6 |
---------------+-------------------+-----
Maces & Flails | 2 3 4 5 |  5.3
Armour         | 1 2 |  2.3
Dodging        | 2 |  2.8
Fighting       | 3 |  3.1
Throwing       | |  0.8
Spellcasting   | |  2.0
Translocations | |  2.6

Action                   |  1- 3 |  4- 6 || total
-------------------------+-------+-------++-------
Melee: Mace              |   129 |       ||   129
       Flail             |       |   168 ||   168
 Fire: Hunting sling     |       |    52 ||    52
Invok: Whirlwind         |       |    17 ||    17
       Lunge             |       |     8 ||     8
       Wall Jump         |       |     1 ||     1
  Eat: Chunk             |     6 |     7 ||    13
Armor: Leather armour    |    25 |       ||    25
       Ring mail         |    10 |    46 ||    56
       Chain mail        |       |    50 ||    50
Dodge: Dodged            |    71 |    92 ||   163
Block: Other             |       |     9 ||     9

Vault maps used:
D:1:      matt_arrival_los_fun
D:2:      mrwooster_statue_mirror
D:3:      kennysheep_goblin_castle, chequers_ecumenical_altar_twisty,
          kennysheep_generic_room_12
D:4:      temple_statues, serial_shops, nicolae_shop_overgrown_old_shop,
          first_ration, uniq_menkaure
